 Dungeon Crawl Stone Soup version 0.28.0-53-g5a82cb258f (webtiles) character file.

Game seed: 10962126735964336612

51 MajorAdolf the Sneak (level 3, -6/33 HPs)
             Began as a Naga Wanderer on June 11, 2022.
             Mangled by a gnoll
             ... wielding a +0 flail
              (13 damage)
             ... on level 1 of the Dungeon on June 24, 2022.
             The game lasted 00:03:16 (1894 turns).

MajorAdolf the Sneak (Naga Wanderer)                Turns: 1894, Time: 00:03:16

Health: -6/33      AC:  5    Str: 14    XL:     3   Next: 83%
Magic:  4/4        EV:  6    Int: 15    God:
Gold:   42         SH:  0    Dex:  9    Spells: 4/4 levels left

rFire   . . .      SeeInvis +   m - +0 mace
rCold   . . .      Faith    .   (no shield)
rNeg    . . .      Spirit   .   k - +0 scale mail
rPois   +          Reflect  .   (no helmet)
rElec   .          Harm     .   (no cloak)
rCorr   .          Rampage  .   c - +0 pair of gloves
Will    .....                   (no barding)
Stlth   +.........              (no amulet)
HPRegen 0.11/turn               (no ring)
MPRegen 0.09/turn               (no ring)

@: short of breath, very slow
A: AC +1, large, see invisible, deformed body, poison resistance, slowness 2,
spit poison 1, naga tail 1
a: Spit Poison


You were on level 1 of the Dungeon.
You visited 1 branch of the dungeon, and saw 2 of its levels.

You collected 42 gold pieces.

Inventory:

Hand Weapons
 a - a +0 club
 l - a +0 hunting sling
 m - a +0 mace (weapon)
Missiles
 e - 65 stones
 o - 36 sling bullets
Armour
 b - a +0 robe
 c - a +0 pair of gloves (worn)
 i - a +0 pair of gloves
 k - a +0 scale mail (worn)
 p - a +0 chain mail
Jewellery
 h - a ring of protection from cold
Scrolls
 d - 2 scrolls of identify {unknown}
 f - a scroll of noise {unknown}
Potions
 g - a potion of flight {unknown}
 j - a potion of might {unknown}
 n - a potion of brilliance {unknown}


   Skills:
 + Level 2.3 Fighting
 + Level 1.0 Axes
 + Level 5.7 Stealth
 - Level 1.0 Spellcasting
 - Level 3.0 Summonings
 - Level 1.0 Translocations
 - Level 1.0 Evocations


You had 4 spell levels left.
You didn't know any spells.
Your spell library contained the following spells:

 Spells                   Type           Power      Damage    Failure   Level
 Summon Small Mammal      Summ           36%        N/A       32%         1
 Call Imp                 Summ           9%         N/A       43%         2
 Apportation              Tloc           6%         N/A       58%         1
 Lesser Beckoning         Tloc           3%         N/A       91%         3
 Summon Lightning Spire   Summ/Air       5%         N/A       99%         4


Dungeon Overview and Level Annotations

Branches:
Dungeon (2/15)

Altars:


Innate Abilities, Weirdness & Mutations

Your serpentine skin is tough. (AC +1)
You have supernaturally acute eyesight. (SInv)
Armour fits poorly on your strangely shaped body.
Your system is resistant to poisons. (rPois)
You cover ground very slowly.
You can spit poison.
You have a snake-like lower body.


Message History

There is a stone staircase leading up here.
Unknown command.
The jackal barely misses you. The gnoll hits you with a +0 flail.
The jackal bites you.
The gnoll hits you from afar with a +0 halberd!
You climb upwards.
There is a stone staircase leading down here.
The gnoll hits you with a +0 flail.
* * * LOW HITPOINT WARNING * * *
The jackal bites you but does no damage.
The jackal bites you but does no damage.
The gnoll hits you with a +0 flail.
* * * LOW HITPOINT WARNING * * *
The jackal bites you but does no damage.
The jackal bites you but does no damage.
Aiming: Spit Poison (2% risk of failure)
Press: ? - help, Shift-Dir - straight line, f - jackal
Aim: a jackal (50% to hit)
The splash of poison misses the jackal.
The splash of poison hits the gnoll!
The gnoll is heavily wounded.
The jackal bites you but does no damage.
Unknown command.
You hit the jackal.
The jackal is heavily wounded.
The jackal closely misses you.
The jackal bites you but does no damage.
Okay, then.
You closely miss the jackal.
The jackal is heavily wounded.
You have got your breath back.
The jackal bites you but does no damage. x2
Aiming: Spit Poison (2% risk of failure)
Press: ? - help, Shift-Dir - straight line, f - gnoll, p - jackal
Aim: a gnoll, wielding a +0 flail (heavily wounded, 65% to hit)
The splash of poison hits the jackal!
The jackal is poisoned.
You kill the jackal!
Your Axes skill increases to level 1!
Unknown command.
The gnoll hits you with a +0 flail!
You die...

##.#####.##..#
#.#..÷.....# #.#
#.##..# #.#..##.##.#
#.# #.....#
#.#..###.#.#
##.########..#
#.#..# ##...
.............#
#.#..#####.#
###########..#
#........... ## #†.#
###.######.. .#
#>÷####### #...# #..
.### #..†.g@..#
#.### ##..
'#.########.######.#
#.# #.>.
............# #.#
#.# #.##
..#..########
#.###.# #.# .###.#
#..##.# ####.##
####.#
##.##.####......
..##.#
#.......#.##.##
..##.#
#.##.##.#.##.#
####.#
#.##.##.#.##.#


You could see a gnoll.

Vanquished Creatures
  2 adders (D:1)
  5 dart slugs
  4 endoplasms (D:1)
  A giant cockroach (D:1)
  A goblin (D:1)
  2 hobgoblins (D:1)
  2 jackals (D:1)
  A quokka (D:1)
  2 ball pythons (D:1)
  A bat (D:2)
  A frilled lizard (D:1)
  2 rats (D:1)
24 creatures vanquished.

Notes
Turn   | Place    | Note
-------+----------+-------------------------------------------
     0 | D:1      | MajorAdolf the Naga Wanderer began the quest for the Orb.
     0 | D:1      | MajorAdolf set off with the following items: a +0 club, a
                  | +0 robe, a +0 pair of gloves; and the following spells
                  | available to memorise: Summon Small Mammal, Call Imp,
                  | Apportation, Lesser Beckoning, Summon Lightning Spire
     0 | D:1      | Reached XP level 1. HP: 18/18 MP: 2/2
   401 | D:1      | Reached XP level 2. HP: 22/25 MP: 3/3
   546 | D:1      | Reached skill level 5 in Stealth
  1114 | D:1      | Reached XP level 3. HP: 25/32 MP: 4/4
  1893 | D:1      | Reached skill level 1 in Axes
  1894 | D:1      | Mangled by a gnoll

Illustrated notes

Levels and vault maps discovered:
D:1:      dpeg_arrival_short_road, layout_loops_ring, minmay_split_cup_small
D:2:      layout_loops_ring, chequers_ecumenical_altar_simple_redux,
          basic_altar, serial_glass, glass_columns_a, glass_columns_a

Skill      XL: |  1  2  3 |
---------------+----------+-----
Stealth        | 5 |  5.7
Fighting       | 2 |  2.3
Axes           | 1 |  1.0
Spellcasting   | |  1.0
Summonings     | |  3.0
Translocations | |  1.0
Evocations     | |  1.0

Action                   || total
-------------------------++-------
Melee: Club              ||    30
       Mace              ||    29
 Abil: Spit Poison       ||    19
Armor: Robe              ||     1
       Scale mail        ||    43
Dodge: Dodged            ||    35
